[ AOE2 MATCH · #507607452 ]
UnrankedItalians vs Teutons
Player's team · WIN
Rival team · LOSS
[ REPLAY ANALYSIS · EXTRACTED FROM THE RECORDED GAME ]
Feudal
9:27
Castle
19:25
Imperial
—
| APM avg | 43.2 |
| APM peak | 73 |
| eAPM avg | 21.5 |
| Villagers / military | 47 / 17 |
Focus
⚔️ 42.2% · 🌾 57.8%
Archer ×17
Feudal
13:56
Castle
—
Imperial
—
| APM avg | 32.9 |
| APM peak | 60 |
| eAPM avg | 18.3 |
| Villagers / military | 45 / 24 |
Focus
⚔️ 31.1% · 🌾 68.9%
Skirmisher ×14 · Scout Cavalry ×6 · Militia ×3 · Archer ×1
Match map
Initial resources + every placement click. Lines = walls · curves = elevation contours. ◆ gold · ⬟ stone · ● berries · ✦ relic · ◌ wall gap
Your base· ✓ Closed at 19:25 · 47t walls · no gate
lapoejs's base· ✓ Closed at 12:00 · 58t walls · no gate
Smoothed initial terrain · ◌ = detected wall gap · hover for details
Inputs per minute
— Xxkaname13 - - lapoejs
Build order — Xxkaname13
140 actions detected in the replay
| 0:00 | Queue | Villager (Male) |
| 0:01 | Queue | Villager (Male) |
| 0:02 | Build | House |
| 0:05 | Build | House |
| 0:07 | Queue | Villager (Male) |
| 0:09 | Queue | Villager (Male) |
| 0:09 | Queue | Villager (Male) |
| 1:28 | Queue | Villager (Male) |
| 1:28 | Queue | Villager (Male) |
| 1:53 | Build | Lumber Camp |
| 1:56 | Queue | Villager (Male) |
| 1:56 | Queue | Villager (Male) |
| 2:31 | Queue | Villager (Male) |
| 2:53 | Queue | Villager (Male) |
| 2:54 | Queue | Villager (Male) |
| 3:13 | Queue | Villager (Male) |
| 3:33 | Queue | Villager (Male) |
| 3:34 | Queue | Villager (Male) |
| 3:49 | Build | House |
| 4:00 | Queue | Villager (Male) |
| 4:14 | Queue | Villager (Male) |
| 4:17 | Build | Mill |
| 5:11 | Queue | Villager (Male) |
| 5:17 | Queue | Villager (Male) |
| 5:45 | Queue | Villager (Male) |
| 5:46 | Queue | Villager (Male) |
| 5:47 | Research | Loom |
| 6:08 | Queue | Villager (Male) |
| 6:25 | Build | Palisade Wall |
| 7:17 | Research | Feudal Age |
| 7:22 | Build | Mining Camp |
| 8:07 | Build | Palisade Wall |
| 8:08 | Build | Palisade Wall |
| 8:21 | Build | Palisade Wall |
| 8:29 | Build | House |
| 8:30 | Build | Palisade Wall |
| 8:41 | Queue | Villager (Male) |
| 8:45 | Build | Palisade Wall |
| 8:46 | Build | Palisade Wall |
| 8:51 | Build | Palisade Wall |
| 8:53 | Queue | Villager (Male) |
| 9:03 | Build | Palisade Wall |
| 9:14 | Build | Barracks |
| 9:22 | Build | Palisade Wall |
| 9:26 | Queue | Villager (Male) |
| 9:27 | Age | Feudal Age |
| 10:18 | Queue | Villager (Male) |
| 10:20 | Build | Archery Range |
| 10:28 | Queue | Villager (Male) |
| 10:35 | Research | Double-Bit Axe |
| 10:36 | Research | Double-Bit Axe |
| 10:39 | Queue | Villager (Male) |
| 10:43 | Build | House |
| 11:01 | Queue | Archer |
| 11:02 | Queue | Archer |
| 11:04 | Queue | Villager (Male) |
| 11:10 | Build | House |
| 11:17 | Queue | Villager (Male) |
| 11:41 | Queue | Villager (Male) |
| 11:45 | Build | Farm |
| 11:54 | Build | House |
| 11:55 | Build | Palisade Wall |
| 11:57 | Build | Palisade Wall |
| 11:59 | Queue | Villager (Male) |
| 12:00 | Queue | Archer |
| 12:16 | Build | Farm |
| 12:17 | Build | Farm |
| 12:18 | Queue | Villager (Male) |
| 12:33 | Build | Farm |
| 12:36 | Build | Farm |
| 12:42 | Queue | Villager (Male) |
| 12:56 | Build | Farm |
| 12:58 | Build | Farm |
| 13:01 | Build | House |
| 13:05 | Build | Palisade Wall |
| 13:10 | Queue | Archer |
| 13:19 | Build | House |
| 13:20 | Build | Palisade Wall |
| 13:34 | Queue | Villager (Male) |
| 13:37 | Build | Farm |
| 14:10 | Queue | Villager (Male) |
| 14:14 | Build | House |
| 14:17 | Build | Palisade Wall |
| 14:19 | Queue | Villager (Male) |
| 14:22 | Build | Farm |
| 14:35 | Queue | Villager (Male) |
| 14:39 | Build | Farm |
| 14:51 | Build | Farm |
| 14:51 | Queue | Villager (Male) |
| 15:23 | Build | Farm |
| 15:27 | Build | Farm |
| 15:32 | Build | Market |
| 15:44 | Build | Palisade Wall |
| 15:47 | Build | Palisade Wall |
| 15:48 | Build | Palisade Wall |
| 16:03 | Build | Farm |
| 16:37 | Research | Castle Age |
| 16:37 | Research | Castle Age |
| 16:45 | Build | House |
| 16:57 | Build | Archery Range |
| 17:02 | Queue | Archer |
| 17:13 | Research | Horse Collar |
| 17:13 | Research | Horse Collar |
| 17:14 | Queue | Villager (Male) |
| 17:24 | Queue | Villager (Male) |
| 17:49 | Build | Blacksmith |
| 17:57 | Research | Gold Mining |
| 17:58 | Research | Gold Mining |
| 17:58 | Queue | Villager (Male) |
| 18:14 | Queue | Villager (Male) |
| 18:20 | Queue | Archer |
| 18:20 | Queue | Archer |
| 18:36 | Queue | Archer |
| 18:43 | Research | Fletching |
| 18:44 | Research | Fletching |
| 18:47 | Build | House |
| 18:48 | Queue | Villager (Male) |
| 18:54 | Research | Stone Mining |
| 18:59 | Queue | Archer |
| 18:59 | Queue | Archer |
| 19:08 | Queue | Archer |
| 19:12 | Build | House |
| 19:25 | Age | Castle Age |
| 19:34 | Research | Bodkin Arrow |
| 19:34 | Research | Bodkin Arrow |
| 19:38 | Queue | Archer |
| 19:59 | Queue | Villager (Male) |
| 20:08 | Research | Crossbowman (upgrade) |
| 20:08 | Research | Crossbowman (upgrade) |
| 20:14 | Build | House |
| 20:16 | Build | House |
| 20:30 | Build | House |
| 20:34 | Queue | Archer |
| 20:34 | Queue | Archer |
| 20:38 | Queue | Archer |
| 20:47 | Queue | Villager (Male) |
| 20:48 | Queue | Villager (Male) |
| 20:49 | Queue | Archer |
| 20:50 | Queue | Archer |
| 20:57 | Build | Lumber Camp |
Build order — lapoejs
136 actions detected in the replay
| 0:01 | Queue | Villager (Male) ×4 |
| 0:02 | Build | House |
| 0:04 | Build | House |
| 1:29 | Queue | Villager (Male) |
| 1:44 | Build | Lumber Camp |
| 1:50 | Queue | Villager (Male) |
| 2:30 | Queue | Villager (Male) |
| 2:31 | Queue | Villager (Male) |
| 2:46 | Queue | Villager (Male) |
| 3:06 | Queue | Villager (Male) |
| 3:06 | Queue | Villager (Male) |
| 3:35 | Queue | Villager (Male) |
| 3:53 | Build | House |
| 3:56 | Build | House |
| 4:06 | Queue | Villager (Male) |
| 4:29 | Queue | Villager (Male) |
| 4:32 | Build | Barracks |
| 4:45 | Queue | Villager (Male) |
| 5:33 | Queue | Militia |
| 5:34 | Queue | Militia |
| 5:34 | Queue | Militia |
| 5:35 | Build | House |
| 5:49 | Build | House |
| 5:58 | Queue | Villager (Male) |
| 6:10 | Build | House |
| 6:16 | Build | House |
| 6:22 | Queue | Villager (Male) |
| 6:23 | Build | Palisade Wall |
| 6:28 | Build | Palisade Wall |
| 6:45 | Queue | Villager (Male) |
| 6:48 | Build | Mill |
| 6:57 | Build | Palisade Wall |
| 7:24 | Queue | Villager (Male) |
| 7:25 | Queue | Villager (Male) |
| 8:00 | Build | Palisade Wall |
| 8:01 | Queue | Villager (Male) |
| 8:01 | Queue | Villager (Male) |
| 8:01 | Queue | Villager (Male) |
| 8:01 | Queue | Villager (Male) |
| 8:08 | Build | Palisade Wall |
| 8:36 | Build | Palisade Gate |
| 8:43 | Build | Palisade Wall |
| 8:47 | Build | Palisade Wall |
| 8:52 | Queue | Villager (Male) |
| 9:17 | Build | Palisade Wall |
| 9:19 | Build | Palisade Wall |
| 9:24 | Queue | Villager (Male) |
| 9:48 | Queue | Villager (Male) |
| 10:20 | Research | Loom |
| 10:20 | Research | Loom |
| 10:23 | Build | Mining Camp |
| 10:36 | Queue | Villager (Male) |
| 10:58 | Queue | Villager (Male) |
| 11:16 | Queue | Villager (Male) |
| 11:25 | Build | House |
| 11:30 | Build | House |
| 11:33 | Build | Farm |
| 11:46 | Research | Feudal Age |
| 11:46 | Research | Feudal Age |
| 11:53 | Build | Farm |
| 12:04 | Build | Farm |
| 12:48 | Queue | Villager (Male) |
| 13:56 | Age | Feudal Age |
| 13:56 | Build | Mining Camp |
| 14:05 | Build | Archery Range |
| 14:08 | Build | Blacksmith |
| 14:12 | Research | Double-Bit Axe |
| 14:14 | Research | Horse Collar |
| 14:16 | Research | Gold Mining |
| 14:16 | Research | Gold Mining |
| 14:18 | Queue | Villager (Male) |
| 14:39 | Queue | Villager (Male) |
| 14:59 | Queue | Villager (Male) |
| 15:07 | Queue | Skirmisher |
| 15:07 | Queue | Skirmisher |
| 15:11 | Build | Farm |
| 15:13 | Build | Farm |
| 15:15 | Build | Farm |
| 15:17 | Build | Farm |
| 15:26 | Build | Farm |
| 15:30 | Build | Farm |
| 15:31 | Queue | Villager (Male) |
| 15:33 | Queue | Skirmisher |
| 15:40 | Build | Farm |
| 15:47 | Build | Farm |
| 15:59 | Queue | Skirmisher |
| 16:00 | Queue | Skirmisher |
| 16:12 | Queue | Villager (Male) |
| 16:15 | Research | Fletching |
| 16:15 | Research | Padded Archer Armor |
| 16:16 | Queue | Archer |
| 16:17 | Queue | Skirmisher |
| 16:25 | Build | Farm |
| 16:35 | Build | Farm |
| 16:37 | Queue | Villager (Male) |
| 16:47 | Build | Stable |
| 16:51 | Queue | Skirmisher |
| 16:52 | Research | Fletching |
| 16:52 | Research | Padded Archer Armor |
| 16:52 | Research | Padded Archer Armor |
| 16:57 | Build | Farm |
| 17:03 | Queue | Villager (Male) |
| 17:04 | Queue | Villager (Male) |
| 17:10 | Build | Farm |
| 17:14 | Queue | Villager (Male) |
| 17:14 | Queue | Villager (Male) |
| 17:16 | Build | House |
| 17:17 | Build | House |
| 17:31 | Build | Farm |
| 17:33 | Queue | Skirmisher |
| 17:34 | Queue | Skirmisher |
| 17:41 | Queue | Scout Cavalry |
| 17:50 | Build | House |
| 17:50 | Build | House |
| 17:58 | Queue | Villager (Male) |
| 17:58 | Queue | Villager (Male) |
| 18:05 | Queue | Skirmisher |
| 18:05 | Queue | Skirmisher |
| 18:21 | Build | Farm |
| 18:27 | Build | Farm |
| 18:32 | Queue | Scout Cavalry |
| 18:32 | Queue | Scout Cavalry |
| 18:39 | Build | Farm |
| 18:49 | Queue | Villager (Male) |
| 18:55 | Queue | Scout Cavalry |
| 19:21 | Queue | Scout Cavalry |
| 19:22 | Queue | Villager (Male) |
| 19:24 | Build | Farm |
| 19:29 | Build | House |
| 19:33 | Queue | Scout Cavalry |
| 20:24 | Build | Market |
| 20:27 | Build | House |
| 20:28 | Queue | Skirmisher |
| 20:51 | Build | Lumber Camp |
| 20:53 | Queue | Skirmisher |
| 20:53 | Queue | Skirmisher |
Match timeline
| 4:32 | lapoejs · first_building Barracks |
| 6:23 | lapoejs · wall_segment Palisade Wall x10 |
| 6:25 | Xxkaname13 · wall_segment Palisade Wall x1 |
| 6:28 | lapoejs · wall_segment Palisade Wall x1 |
| 6:57 | lapoejs · wall_segment Palisade Wall x7 |
| 8:00 | lapoejs · wall_segment Palisade Wall x10 |
| 8:07 | Xxkaname13 · wall_segment Palisade Wall x1 |
| 8:08 | Xxkaname13 · wall_segment Palisade Wall x1 |
| 8:08 | lapoejs · wall_segment Palisade Wall x9 |
| 8:21 | Xxkaname13 · wall_segment Palisade Wall x4 |
| 8:30 | Xxkaname13 · wall_segment Palisade Wall x1 |
| 8:43 | lapoejs · wall_segment Palisade Wall x2 |
| 8:45 | Xxkaname13 · wall_segment Palisade Wall x1 |
| 8:46 | Xxkaname13 · wall_segment Palisade Wall x1 |
| 8:47 | lapoejs · wall_segment Palisade Wall x9 |
| 8:51 | Xxkaname13 · wall_segment Palisade Wall x3 |
| 9:03 | Xxkaname13 · wall_segment Palisade Wall x1 |
| 9:14 | Xxkaname13 · first_building Barracks |
| 9:17 | lapoejs · wall_segment Palisade Wall x2 |
| 9:19 | lapoejs · wall_segment Palisade Wall x11 |
| 9:22 | Xxkaname13 · wall_segment Palisade Wall x1 |
| 9:27 | Xxkaname13 · age_up feudal |
| 10:20 | Xxkaname13 · first_building Archery Range |
| 11:55 | Xxkaname13 · wall_segment Palisade Wall x1 |
| 11:57 | Xxkaname13 · wall_segment Palisade Wall x5 |
| 13:05 | Xxkaname13 · wall_segment Palisade Wall x10 |
| 13:20 | Xxkaname13 · wall_segment Palisade Wall x1 |
| 13:56 | lapoejs · age_up feudal |
| 14:05 | lapoejs · first_building Archery Range |
| 14:17 | Xxkaname13 · wall_segment Palisade Wall x7 |
| 15:44 | Xxkaname13 · wall_segment Palisade Wall x2 |
| 15:47 | Xxkaname13 · wall_segment Palisade Wall x6 |
| 15:48 | Xxkaname13 · wall_segment Palisade Wall x2 |
| 16:47 | lapoejs · first_building Stable |
| 19:25 | Xxkaname13 · age_up castle |
| 19:31 | Xxkaname13 · first_market_sell 100 food |
| 20:58 | lapoejs · resign |
[ AI ANALYSIS · 1 CREDIT ]
What really happened in this match?
Wolo.gg analyzes every decision: build order, eco, micro, common mistakes by bracket. Personalized analysis on WhatsApp or Discord in 30 seconds.
Civ guide
Italians
Perfil
Jugador #6837158